 Dungeon Crawl Stone Soup version 0.24.1-8-ga250c9d538 (webtiles) character file.

Game seed: 2838970500588262945, levelgen mode: deterministic

6593 nightchill the Covert (level 10, -7/60 HPs)
             Began as a Vampire Enchanter on May 3, 2020.
             Was a Follower of Uskayaw.
             Mangled by an eight-headed hydra (10 damage)
             ... on level 1 of the Lair of Beasts.
             The game lasted 00:34:53 (10143 turns).

nightchill the Covert (Vampire Enchanter)          Turns: 10143, Time: 00:34:53

Health: -7/60      AC:  9    Str: 10    XL:     10   Next: 71%
Magic:  5/14       EV: 16    Int: 17    God:    Uskayaw [*.....]
Gold:   407        SH:  0    Dex: 16    Spells: 4/13 levels left

rFire    + . .     SeeInvis +   a - +1 dagger (elec)
rCold    + . .     Gourm    .   (no shield)
rNeg     + + +     Faith    .   g - +0 leather armour
rPois    ∞         Spirit   .   c - +1 helmet
rElec    .         Reflect  .   m - +0 cloak
rCorr    .         Harm     .   p - +2 pair of gloves
MR       +....                  (no boots)
Stlth    +++++++...             (no amulet)
HPRegen  0.00/turn              G - ring of fire
MPRegen  0.14/turn              B - +3 ring of evasion

@: bloodless
A: no food, fangs 3, see invisible, unbreathing
a: Bat Form, Revivify, Stomp, Renounce Religion


You were on level 1 of the Lair of Beasts.
You worshipped Uskayaw.
Uskayaw was noncommittal.
You were bloodless.

You visited 3 branches of the dungeon, and saw 12 of its levels.

You collected 407 gold pieces.

Inventory:

Hand Weapons
 a - a +1 dagger of electrocution (weapon)
 h - a +0 hunting sling
 s - the +5 falchion "Wamafe" {slice, Stlth+}
   (You found it on level 7 of the Dungeon)

   It inflicts extra damage upon your enemies.
   It makes you more stealthy.
Missiles
 i - 190 stones (quivered)
 v - 6 boomerangs
 M - 6 poisoned darts
Armour
 b - a +0 robe
 c - a +1 helmet (worn)
 e - a +2 pair of gloves
 g - a +0 leather armour (worn)
 k - a +0 buckler
 m - a +0 cloak (worn)
 p - a +2 pair of gloves (worn)
Magical Staves
 l - an uncursed staff of earth
Jewellery
 y - an uncursed ring of protection from cold
 B - a +3 ring of evasion (right hand)
 G - a ring of fire (left hand)
Wands
 A - a wand of polymorph (7)
 C - a wand of enslavement (22)
 N - a wand of digging (7)
Scrolls
 f - a scroll of enchant weapon {unknown}
 j - 5 scrolls of remove curse
 n - 4 scrolls of teleportation {unknown}
 o - 3 scrolls of enchant armour {unknown}
 r - a scroll of magic mapping {unknown}
 t - 2 scrolls of fear {unknown}
 u - 2 scrolls of amnesia {unknown}
 x - 2 scrolls of random uselessness {unknown}
 z - 4 scrolls of immolation {unknown}
 E - 2 scrolls of brand weapon {unknown}
 F - a scroll of summoning {unknown}
 I - a scroll of identify
 K - a scroll of fog {unknown}
 O - a scroll of silence {unknown}
Potions
 d - 10 potions of curing
 q - 3 potions of flight
 w - 2 potions of agility {unknown}
 D - 3 potions of haste
 H - a potion of mutation {unknown}
 J - a potion of might {unknown}
 L - a potion of heal wounds {unknown}
Miscellaneous
 P - a lamp of fire


   Skills:
 + Level 6.0 Fighting
 - Level 10.0 Short Blades
 + Level 3.0 Dodging
 + Level 11.3 Stealth
 - Level 2.0 Spellcasting
 + Level 10.4 Hexes
 * Level 6.0 Invocations


You had 4 spell levels left.
You knew the following spells:

 Your Spells              Type           Power        Failure   Level  Hunger
a - Corona                Hex            #####..      1%          1    N/A
b - Ensorcelled Hibernat  Hex/Ice        ###...       4%          2    N/A
c - Confuse               Hex            #####...     1%          3    N/A
d - Dazzling Spray        Conj/Hex       ###...       10%         3    N/A

Your spell library contained the following spells:

 Spells                   Type           Power        Failure   Level  Hunger
 Slow                     Hex            #####...     1%          2    N/A
 Tukima's Dance           Hex            #####...     1%          3    N/A
 Magic Dart               Conj           #...         26%         1    N/A
 Blink                    Tloc           N/A          36%         2    N/A
 Call Imp                 Summ           #.......     36%         2    N/A
 Conjure Flame            Conj/Fire      #.......     61%         3    N/A
 Mephitic Cloud           Conj/Pois/Air  #.......     61%         3    N/A

Dungeon Overview and Level Annotations

Branches:
Dungeon (10/15)            Temple (1/1) D:5            Lair (1/6) D:10
    Orc: D:9-12

Altars:
Ashenzari
Cheibriados
Dithmenos
Elyvilon
Fedhas
Gozag
Hepliaklqana
Kikubaaqudgha
Nemelex Xobeh
Okawaru
Ru
Sif Muna
Trog
Uskayaw
Vehumet
Wu Jian
Xom
Yredelemnul
Zin
The Shining One

Shops:
D:3 *

Annotations:
D:2 2 transporters
D:4 exclusion: 3 doors
D:5 2 runed translucent doors, Masnef's ghost, novice OpEn


Innate Abilities, Weirdness & Mutations

You do not eat.
You do not regenerate when monsters are visible.
You are frail without blood (-20% HP).
You can heal yourself when you bite living creatures.
You are immune to poison.
You have razor-sharp teeth.
You have supernaturally acute eyesight. (SInv)
You can survive without breathing.


Message History

The eight-headed hydra closely misses you.
The eight-headed hydra bites you!
You barely miss the eight-headed hydra. You hit the eight-headed hydra.
Your bite misses the eight-headed hydra.
The eight-headed hydra is lightly wounded.
Casting: Confuse (safe; 1% risk of failure)
Confirm with . or Enter, or press ? or * to list all spells.
Aiming: Ensorcelled Hibernation (safe; 4% risk of failure)
Press: ? - help, Shift-Dir - straight line, f/p - eight-headed hydra
Aim: an eight-headed hydra (lightly wounded, confused, chance to defeat MR: 18%)
Okay, then.
The eight-headed hydra bites you!
* * * LOW HITPOINT WARNING * * *
The eight-headed hydra bites you.
* * * LOW HITPOINT WARNING * * *
The eight-headed hydra completely misses you.
The eight-headed hydra closely misses you.
The eight-headed hydra bites you!
You die...

.... ... #........
≈PP.# ##........
≈≈≈≈.P#######.........
≈≈≈P..................P
P≈≈≈..................#
≈≈≈.......<..........#
≈P≈..................#
≈♣.........@D......#
♣.................#
♣.................#
♣†................#
#.................#
####.#.#.##########
#######


You could see an eight-headed hydra (confused).

Vanquished Creatures
  A two-headed ogre (D:10)
  An unseen horror (D:8)
  Pikel (D:5)
  A hornet (D:8)
  Grinder (D:5)
  A hippogriff (D:10)
  5 yaks
  Menkaure (D:5)
  A water moccasin (D:9)
  Edmund (D:4)
  3 ice beasts
  An orc warrior (D:8)
  A sky beast (D:6)
  2 slaves (D:5)
  A black bear (D:9)
  4 ogres
  A phantom (D:7)
  4 centaurs
  A crocodile (Lair:1)
  2 big kobolds
  3 bullfrogs
  A wyvern skeleton (D:6)
  A scorpion (D:4)
  A water moccasin skeleton (D:6)
  9 killer bees (D:7)
  2 howler monkeys
  3 crimson imps
  A centaur skeleton (D:5)
  5 hounds
  2 orc priests
  2 jellies
  Crazy Yiuf (D:2)
  A bullfrog skeleton (D:7)
  Jessica (D:3)
  2 iguanas
  4 orc wizards
  6 worker ants
  A hound zombie (D:8)
  A hound skeleton (D:8)
  A worker ant zombie (D:7)
  15 adders
  3 shadow imps
  An adder skeleton (D:4)
  2 adder zombies
  3 worms
  2 dart slugs (D:2)
  5 leopard geckos
  14 orcs
  4 giant cockroaches
  5 goblins
  5 hobgoblins
  4 jackals
  16 kobolds
  5 quokkas
  8 bats
  2 frilled lizards
  A quokka skeleton (D:5)
  3 rats
  A butterfly (D:9)
181 creatures vanquished.

Notes
Turn   | Place    | Note
-------+----------+-------------------------------------------
     0 | D:1      | nightchill the Vampire Enchanter began the quest for the
                  | Orb.
     0 | D:1      | Reached XP level 1. HP: 13/13 MP: 3/3
   808 | D:2      | Reached XP level 2. HP: 20/20 MP: 5/5
   969 | D:2      | Learned a level 2 spell: Ensorcelled Hibernation
  1065 | D:2      | Reached XP level 3. HP: 20/20 MP: 6/6
  1174 | D:2      | Found a transporter.
  1190 | D:2      | Reached skill level 1 in Fighting
  1190 | D:2      | Reached skill level 5 in Stealth
  1239 | D:2      | Reached skill level 5 in Hexes
  1340 | D:2      | Found a transporter.
  1354 | D:2      | Found a runed translucent door.
  1355 | D:2      | Noticed Crazy Yiuf
  1374 | D:2      | Found a glowing silver altar of Zin.
  1537 | D:2      | Reached XP level 4. HP: 25/25 MP: 7/7
  1855 | D:2      | Killed Crazy Yiuf
  2216 | D:3      | Found Gozag's Platinum Reserve.
  2245 | D:3      | Learned a level 3 spell: Confuse
  2507 | D:3      | Found an ornate altar of the Wu Jian Council.
  2571 | D:3      | Found an opulent altar of Gozag.
  2907 | D:3      | Reached XP level 5. HP: 29/29 MP: 3/8
  3012 | D:3      | Found a faded altar of an unknown god.
  3048 | D:3      | Found a bloodstained altar of Trog.
  3103 | D:3      | Found a hazy altar of Hepliaklqana.
  3278 | D:3      | Noticed Jessica
  3285 | D:3      | Killed Jessica
  3352 | D:4      | Noticed Edmund
  3358 | D:4      | Killed Edmund
  3358 | D:4      | Reached skill level 6 in Stealth
  3358 | D:4      | Reached XP level 6. HP: 35/35 MP: 6/9
  3800 | D:4      | Reached skill level 5 in Short Blades
  3958 | D:4      | Learned a level 3 spell: Dazzling Spray
  3969 | D:4      | Reached XP level 7. HP: 40/40 MP: 3/10
  4176 | D:4      | Found a shimmering blue altar of Sif Muna.
  4529 | D:5      | Entered Level 5 of the Dungeon
  4530 | D:5      | Noticed Menkaure
  4536 | D:5      | Killed Menkaure
  4536 | D:5      | Reached skill level 7 in Stealth
  4632 | D:5      | Found a runed translucent door.
  4638 | D:5      | Noticed Masnef's ghost (novice OpEn)
  4711 | D:5      | Noticed Pikel
  4716 | D:5      | Killed Pikel
  4716 | D:5      | Reached skill level 8 in Stealth
  4716 | D:5      | Reached XP level 8. HP: 48/48 MP: 1/11
  4840 | D:5      | Found a runed translucent door.
  4887 | D:5      | Noticed Grinder
  4896 | D:5      | Killed Grinder
  5066 | D:5      | Found a staircase to the Ecumenical Temple.
  5083 | Temple   | Entered the Ecumenical Temple
  5112 | Temple   | Became a worshipper of Uskayaw the Reveler
  5220 | D:5      | Reached * piety under Uskayaw
  5223 | D:5      | Found a basalt altar of Yredelemnul.
  5239 | D:5      | Reached ** piety under Uskayaw
  5696 | D:5      | Reached skill level 1 in Invocations
  5759 | D:5      | Reached skill level 9 in Stealth
  5917 | D:6      | Found a radiant altar of Vehumet.
  5918 | D:6      | Found a white marble altar of Elyvilon.
  6016 | D:6      | Reached XP level 9. HP: 52/52 MP: 12/12
  6631 | D:7      | Got a slimy leather armour
  6676 | D:7      | Identified the +3 leather armour of Hunuefaz {rPois rF-
                  | rN+++ Str+2} (You found it on level 7 of the Dungeon)
  6725 | D:7      | Reached *** piety under Uskayaw
  6726 | D:7      | Reached **** piety under Uskayaw
  6731 | D:7      | Reached ***** piety under Uskayaw
  6741 | D:7      | Reached ****** piety under Uskayaw
  7136 | D:7      | Reached skill level 5 in Fighting
  7168 | D:7      | Reached skill level 10 in Stealth
  7514 | D:7      | Got an iridescent falchion
  7515 | D:7      | Identified the +5 falchion "Wamafe" {slice, Stlth+} (You
                  | found it on level 7 of the Dungeon)
  8072 | D:8      | Reached XP level 10. HP: 51/59 MP: 13/13
  8138 | D:8      | Found a sparkling altar of Nemelex Xobeh.
  8440 | D:8      | Noticed an unseen horror
  8453 | D:8      | Killed an unseen horror
  8453 | D:8      | Reached skill level 10 in Hexes
  8453 | D:8      | Reached skill level 5 in Invocations
  8646 | D:8      | Found a snail-covered altar of Cheibriados.
  9168 | D:9      | Reached skill level 10 in Short Blades
  9168 | D:9      | Reached skill level 11 in Stealth
  9209 | D:9      | Found a blossoming altar of Fedhas.
  9530 | D:9      | Found a shimmering altar of Xom.
  9823 | D:9      | Found an ancient bone altar of Kikubaaqudgha.
 10037 | D:10     | Entered Level 10 of the Dungeon
 10080 | D:10     | Noticed a two-headed ogre
 10086 | D:10     | Killed a two-headed ogre
 10109 | D:10     | Found a staircase to the Lair.
 10119 | Lair:1   | Entered Level 1 of the Lair of Beasts
 10133 | Lair:1   | Noticed an eight-headed hydra
 10143 | Lair:1   | HP: 3/60 [eight-headed hydra (5)]
 10143 | Lair:1   | Mangled by an eight-headed hydra

Levels and vault maps discovered:
D:1:      sevenhm_arrival_forest_fort_small_3, layout_loops_ring,
          skrybe_limestone_x
D:2:      layout_loops_cross, gammafunk_temple_overflow_arena, first_ration,
          uniq_crazy_yiuf_cottage
D:3:      layout_basic, lemuel_round_altar, lemuel_coloured_pillars_altar,
          nicolae_overflow_crystal_walls, nicolae_gozag_zags_fifth_avenue,
          chequers_ecumenical_altar_lobes, uniq_jessica
D:4:      layout_basic, kennysheep_donut, minmay_misc_feat_five, led_sif_pool,
          uniq_edmund
D:5:      layout_basic, old_standard_altar, temple_green, ebering_ghost_sewer_f,
          uniq_menkaure, uniq_pikel, uniq_grinder
D:6:      layout_loops_ring, grunt_temple_overflow_open, serial_glass,
          glass_columns_b, glass_columns_a, glass_columns_c, glass_columns_c,
          due_unseen_surprise, nrook_mini_backslash
D:7:      layout_loops_ring
D:8:      layout_basic, kennysheep_little_box, cheibrodos_worm_habitat
D:9:      layout_roguey, xom_butterflies, lemuel_doored_altar,
          fedhas_bush_and_centaur_altar
D:10:     layout_long_grid, lair_entry_dummy, serial_undead, serial_undead_f,
          serial_undead_c, serial_undead_c, serial_undead_c
Temple:   cyrus_temple_forest
Lair:1:   layout_big_grid, chequers_serial_rivers_micro_a,
          hangedman_lair_generics_rect, serial_bayou_shore_a

Skill      XL: |  1  2  3  4  5  6  7  8  9 10 |
---------------+-------------------------------+-----
Short Blades   | 2 3 4 5 6 8 9 10 | 10.0
Fighting       | 1 2 3 4 5 6 |  6.0
Stealth        | 5 6 8 9 10 11 | 11.3
Hexes          | 5 6 7 8 9 10 | 10.4
Invocations    | 1 4 6 |  6.0
Dodging        | 3 |  3.0
Spellcasting   | |  2.0

Action                   |  1- 3 |  4- 6 |  7- 9 | 10-12 || total
-------------------------+-------+-------+-------+-------++-------
Melee: Dagger            |   111 |   120 |   296 |   103 ||   630
       Bite              |     3 |     9 |    16 |     5 ||    33
 Cast: Corona            |     1 |       |     1 |       ||     2
       Ensorcelled Hiber |     5 |    23 |    15 |     7 ||    50
       Confuse           |       |     7 |    11 |     7 ||    25
       Dazzling Spray    |       |     1 |     6 |       ||     7
Invok: Stomp             |       |       |     2 |     2 ||     4
 Abil: Exsanguinate      |     1 |       |       |       ||     1
  Use: Scroll            |       |       |     6 |       ||     6
 Stab: Sleeping          |    13 |    21 |    34 |    13 ||    81
       Confused          |       |     5 |    10 |     1 ||    16
       Paralysed         |       |       |     3 |     2 ||     5
       Invisible         |       |       |     3 |       ||     3
       Distracted        |       |       |     2 |     2 ||     4
Armor: Robe              |    40 |    37 |    25 |       ||   102
       Leather armour    |       |       |    19 |    12 ||    31
Dodge: Dodged            |    90 |    66 |   113 |    45 ||   314
